 Dungeon Crawl Stone Soup version 0.25-a0-366-g516bc45 (webtiles) character file.

Game seed: 7600795589844258676, levelgen mode: deterministic

30 BoldlyKoingNowhere the Caller (level 3, 0/19 HPs)
             Began as a Kobold Summoner on Jan 7, 2020.
             Slain by a leopard gecko (3 damage)
             ... on level 2 of the Dungeon.
             The game lasted 00:03:38 (2249 turns).

BoldlyKoingNowhere the Caller (Kobold Summoner)     Turns: 2249, Time: 00:03:39

Health: 0/19       AC:  2    Str:  5    XL:     3   Next: 37%
Magic:  1/6        EV: 15    Int: 17    God:
Gold:   36         SH:  0    Dex: 15    Spells: 4/7 levels left

rFire    . . .     SeeInvis .   n - +0 club
rCold    . . .     Gourm    .   (shield restricted)
rNeg     . . .     Faith    .   a - +0 robe
rPois    .         Spirit   .   (no helmet)
rElec    .         Reflect  .   (no cloak)
rCorr    .         Harm     .   (no gloves)
MR       .....                  (no boots)
Stlth    ++........             (no amulet)
HPRegen  0.06/turn              (no ring)
MPRegen  0.10/turn              (no ring)

@: very slightly contaminated
A: small, carnivore
a: no special abilities


You were on level 2 of the Dungeon.
You were completely stuffed.

You visited 1 branch of the dungeon, and saw 2 of its levels.

You collected 36 gold pieces.

Inventory:

Hand Weapons
 n - a +0 club (weapon)
Armour
 a - a +0 robe (worn)
Jewellery
 o - a cursed ring of attention {unknown}
Scrolls
 e - a scroll of enchant weapon {unknown}
 f - 4 scrolls of identify {unknown}
 h - 3 scrolls of fear {unknown}
 i - a scroll of noise {unknown}
 j - 3 scrolls of teleportation {unknown}
 k - 2 scrolls of enchant armour {unknown}
 l - 2 scrolls of immolation {unknown}
 p - a scroll of fog {unknown}
Potions
 b - a potion of resistance {unknown}
 d - 2 potions of brilliance {unknown}
 g - 2 potions of curing {unknown}
 m - a potion of might {unknown}
Comestibles
 c - 7 rations


   Skills:
 + Level 2.8 Dodging
 + Level 3.3 Stealth
 + Level 2.5 Spellcasting
 * Level 4.4 Summonings


You had 4 spell levels left.
You knew the following spells:

 Your Spells              Type           Power        Failure   Level  Hunger
a - Summon Small Mammal   Summ           ###.         3%          1    #......
b - Call Imp              Summ           ###.....     4%          2    ##.....

Your spell library contained the following spells:

 Spells                   Type           Power        Failure   Level  Hunger
 Call Canine Familiar     Summ           ###.....     9%          3    ###....
 Summon Guardian Golem    Hex/Summ       #.......     22%         3    ###....
 Summon Ice Beast         Ice/Summ       #.......     58%         4    #####..
 Summon Lightning Spire   Summ/Air       #.......     58%         4    #####..


Dungeon Overview and Level Annotations

Branches:
Dungeon (2/15)

Altars:


Innate Abilities, Weirdness & Mutations

You are small and have problems with some larger weapons.
You are carnivorous and can eat meat at any time.


Message History

* * * LOW HITPOINT WARNING * * *
Your iron imp closely misses the quokka.
Your crimson imp hits the quokka.
The quokka closely misses your crimson imp.
The leopard gecko bites you but does no damage.
Your crimson imp barely misses the quokka.
The quokka closely misses your crimson imp.
Your iron imp barely misses the quokka.
The leopard gecko barely misses your iron imp.
The quokka misses your crimson imp.
Your crimson imp barely misses the quokka.
The leopard gecko misses your crimson imp.
Your iron imp hits the quokka!
The quokka dies!
Your crimson imp blinks!
You hit the leopard gecko.
The leopard gecko is severely wounded.
The leopard gecko hisses menacingly.
The leopard gecko bites you.
You die...

##......####.# ..#
#......# #.## #.<.#
########..####..#.###
..........#....##...##
....$.......#######..###
...........#####........
....?..l5..>.....###..##
.......@.#.####### ##.##
.........#.# #...
.....5...#.### ######..
.......).#....###.......
.........####.....#####.
########## ##..### #.
##....## #.
##########..##...# #.
###..........## ##.####.


You could see a leopard gecko, a friendly iron imp and a friendly crimson imp.

Vanquished Creatures
  A giant cockroach (D:1)
  2 goblins (D:1)
  A hobgoblin (D:1)
  2 bats (D:1)
  8 rats
14 creatures vanquished.

Vanquished Creatures (collateral kills)
  An adder (D:2)
  3 dart slugs
  A ball python (D:1)
  3 goblins
  A kobold (D:2)
  A quokka (D:2)
  2 bats (D:1)
  A frilled lizard (D:1)
  2 rats (D:2)
15 creatures vanquished.

Grand Total: 29 creatures vanquished

Notes
Turn   | Place    | Note
-------+----------+-------------------------------------------
     0 | D:1      | BoldlyKoingNowhere the Kobold Summoner began the quest for
                  | the Orb.
     0 | D:1      | Reached XP level 1. HP: 10/10 MP: 3/3
   498 | D:1      | Reached XP level 2. HP: 13/15 MP: 5/5
   677 | D:1      | Learned a level 2 spell: Call Imp
  1780 | D:2      | Reached XP level 3. HP: 9/19 MP: 0/6
  2249 | D:2      | Slain by a leopard gecko

Levels and vault maps discovered:
D:1:      giann_horns, layout_loops_corners
D:2:      layout_rooms, minmay_circled_x

Skill      XL: |  1  2 |
---------------+-------+-----
Stealth        | 3 |  3.3
Dodging        | |  2.8
Spellcasting   | |  2.5
Summonings     | |  4.4

Action                   || total
-------------------------++-------
Melee: Unarmed           ||   128
       Club              ||    12
 Cast: Summon Small Mamm ||    17
       Call Imp          ||     5
 Stab: Sleeping          ||     7
  Eat: Chunk             ||    13
Armor: Robe              ||    21
Dodge: Dodged            ||   149

Table legend:
 A = Non-vault XP
 B = Vault XP
 C = Vault XP percentage of total XP
 D = Non-vault monster count
 E = Vault monster count
 F = Vault count percentage of total count
                 A         B        C        D         E       F
            +---------+---------+-------+---------+---------+-------
      Total |      33 |      11 |  25.0 |      25 |       4 |  13.8
            +---------+---------+-------+---------+---------+-------
        D:1 |      24 |       0 |   0.0 |      17 |       0 |   0.0
        D:2 |       9 |      11 |  55.0 |       8 |       4 |  33.3
            +---------+---------+-------+---------+---------+-------
